 Dungeon Crawl Stone Soup version 0.29.1-12-g30fa7ad0bf (webtiles) character file.

Game seed: 12323814160842263983

1365451 concernfroge the Slayer (level 25, 295/295 HPs)
             Began as an Ogre Fighter on Jan 2, 2023.
             Was an Initiate of Gozag.
             Escaped with the Orb
             ... and 3 runes on Jan 4, 2023!
             The game lasted 07:25:02 (96767 turns).

concernfroge the Slayer (Ogre Fighter)             Turns: 96767, Time: 07:25:02

Health: 295/295    AC: 32    Str: 44    XL:     25   Next: 40%
Magic:  29/29      EV:  7    Int:  9    God:    Gozag
Gold:   847        SH: 24    Dex: 11    Spells: 31/44 levels left

rFire   + + .      SeeInvis +   a - +6 morningstar of Anguish {vorpal, rElec rC+ Str+3 Dex+3}
rCold   + + +      Faith    .   y - +0 tower shield
rNeg    . . .      Spirit   .   h - +10 gold dragon scales
rPois   +          Reflect  +   v - +2 hat {Will+}
rElec   +          Harm     .   Z - scarf {rC+ rF+}
rCorr   .          Rampage  .   (gloves unavailable)
Will    +++..                   (boots unavailable)
Stlth   ..........              k - amulet of reflection
HPRegen 0.59/turn               p - +6 ring of strength
MPRegen 0.21/turn               I - ring of see invisible

@: no status effects
A: large, unfitting armour, tough skin 1, horns 1, deterioration 1, low MP 2
0: Orb of Zot
}: 3/15 runes: decaying, abyssal, gossamer
a: Renounce Religion, Potion Petition, Call Merchant, Bribe Branch


You escaped.
You worshipped Gozag.
Gozag was pleased with you.
You visited 10 branches of the dungeon, and saw 47 of its levels.
You visited the Abyss 1 time.
You visited 1 bazaar.
You also visited: Bailey, Gauntlet, Ice Cave and Volcano.

You collected 21658 gold pieces.
You spent 3083 gold pieces at shops.
You paid 17728 gold pieces to Gozag.

Inventory:

Hand Weapons
 a - the +6 morningstar of Anguish (weapon) {vorpal, rElec rC+ Str+3 Dex+3}
   (You found it on level 5 of the Lair of Beasts)

   It inflicts extra damage upon your enemies.
   Str:       It affects your strength (+3).
   Dex:       It affects your dexterity (+3).
   rC:        It protects you from cold.
   rElec:     It insulates you from electricity.
 b - a +6 broad axe of draining
Missiles
 n - 18 poisoned darts
 w - a curare-tipped dart
 F - a boomerang
 H - 6 boomerangs of dispersal
 K - 10 javelins (quivered)
 T - 65 large rocks
 V - 4 silver javelins
Armour
 h - +10 gold dragon scales (worn)
 v - a +2 hat of willpower (worn)
 y - a +0 tower shield (worn)
 Z - a scarf of resistance (worn)
Jewellery
 k - an amulet of reflection (around neck)
 p - a +6 ring of strength (left hand)
 q - a ring of flight
 B - a ring of positive energy
 I - a ring of see invisible (right hand)
 J - a +4 ring of evasion
 W - a ring of resist corrosion
Wands
 g - a wand of roots (9)
 o - a wand of paralysis (12)
 z - a wand of polymorph (2)
 M - a wand of mindburst (5)
 O - a wand of light (3)
 U - a wand of digging (15)
Scrolls
 i - 3 scrolls of blinking
 l - 7 scrolls of immolation
 r - 6 scrolls of fear
 A - 3 scrolls of silence
 E - 3 scrolls of vulnerability
 G - 18 scrolls of teleportation
 Q - 7 scrolls of poison
Potions
 d - 14 potions of attraction
 e - 3 potions of haste
 m - a potion of curing
 s - 3 potions of resistance
 u - a potion of invisibility
 x - 10 potions of mutation
 D - a potion of cancellation
 P - 2 potions of berserk rage
 R - 5 potions of lignification
 S - 2 potions of might
Miscellaneous
 c - a phial of floods
 f - a phantom mirror
 t - a box of beasts
 C - a lightning rod (4/4)
 L - a condenser vane


   Skills:
 - Level 25.0 Fighting
 - Level 16.0(18.1) Axes
 - Level 13.2(16.0) Maces & Flails
 - Level 17.0 Throwing
 + Level 13.8 Armour
 - Level 10.0 Dodging
 - Level 17.0 Shields
 - Level 10.0 Spellcasting
 - Level 10.0 Necromancy
 - Level 7.5 Earth Magic
 - Level 10.0 Evocations


You had 31 spell levels left.
You knew the following spells:

 Your Spells              Type           Power      Damage    Failure   Level
a - Stone Arrow           Conj/Erth      22%        3d8       85%         3
b - Freezing Cloud        Conj/Ice/Air   2%         6-21      100%        5
c - Borgnjor's Vile Clut  Necr/Erth      10%        N/A       88%         5

Your spell library contained the following spells:

 Spells                   Type           Power      Damage    Failure   Level
 Necrotise                Necr           88%        1d8       4%          1
 Sandblast                Erth           36%        2d10      12%         1
 Vampiric Draining        Necr           22%        2d7       12%         3
 Dispel Undead            Necr           22%        3d12      38%         4
 Passwall                 Tmut/Erth      9%         N/A       63%         2
 Agony                    Necr           22%        N/A       75%         5
 Beastly Appendage        Tmut           8%         N/A       94%         1
 Freeze                   Ice            16%        1d4       94%         1
 Magic Dart               Conj           16%        1d3       94%         1
 Shock                    Conj/Air       16%        1d4       94%         1
 Sting                    Tmut/Pois      16%        1d3       94%         1
 Summon Small Mammal      Summ           16%        N/A       94%         1
 Lee's Rapid Deconstruct  Erth           9%         3d8*      97%         5
 Call Imp                 Summ           4%         N/A       98%         2
 Ensorcelled Hibernation  Hex/Ice        8%         N/A       98%         2
 Poisonous Vapours        Pois/Air       8%         N/A       98%         2
 Static Discharge         Conj/Air       4%         3-4/arc   98%         2
 Wereblood                Tmut           4%         N/A       98%         2
 Animate Armour           Summ/Erth      22%        N/A       99%         4
 Leda's Liquefaction      Hex/Erth       5%         N/A       99%         4
 Death Channel            Necr           11%        N/A       99%         6
 Call Canine Familiar     Summ           4%         N/A       100%        3
 Conjure Flame            Conj/Fire      4%         6-21      100%        3
 Dazzling Flash           Conj/Hex       8%         N/A       100%        3
 Frozen Ramparts          Ice            8%         1d2       100%        3
 Ignite Poison            Fire/Tmut/Pois 4%         N/A       100%        3
 Inner Flame              Hex/Fire       4%         N/A       100%        3
 Mephitic Cloud           Conj/Pois/Air  4%         N/A       100%        3
 Ozocubu's Armour         Ice            4%         N/A       100%        3
 Portal Projectile        Hex/Tloc       8%         N/A       100%        3
 Spider Form              Tmut/Pois      4%         N/A       100%        3
 Summon Guardian Golem    Hex/Summ       4%         N/A       100%        3
 Swiftness                Air            4%         N/A       100%        3
 Teleport Other           Tloc           4%         N/A       100%        3
 Tukima's Dance           Hex            4%         N/A       100%        3
 Airstrike                Air            2%         2d(1-17)  100%        4
 Cause Fear               Hex            2%         N/A       100%        4
 Hailstorm                Conj/Ice       4%         3d4       100%        4
 Iskenderun's Mystic Bla  Conj/Tloc      4%         2d3       100%        4
 Olgreb's Toxic Radiance  Pois           4%         N/A       100%        4
 Sticky Flame             Conj/Fire      4%         2d3       100%        4
 Summon Ice Beast         Ice/Summ       4%         N/A       100%        4
 Alistair's Intoxication  Tmut/Pois      2%         N/A       100%        5
 Blade Hands              Tmut           2%         N/A       100%        5
 Metabolic Englaciation   Hex/Ice        2%         N/A       100%        5
 Summon Mana Viper        Hex/Summ       4%         N/A       100%        5
 Eringya's Noxious Bog    Tmut/Pois      2%         N/A       100%        6
 Iron Shot                Conj/Erth      5%         9d2       100%        6
 Starburst                Conj/Fire      2%         6d3       100%        6
 Statue Form              Tmut/Erth      7%         N/A       100%        6
 Haunt                    Necr/Summ      6%         N/A       100%        7
 Malign Gateway           Summ/Tloc      2%         N/A       100%        7
 Monstrous Menagerie      Summ           2%         N/A       100%        7
 Ozocubu's Refrigeration  Ice            2%         4d7       100%        7
 Borgnjor's Revivificati  Necr           11%        N/A       100%        8
 Discord                  Hex            2%         N/A       100%        8
 Lehudib's Crystal Spear  Conj/Erth      5%         10d3      100%        8
 Necromutation            Tmut/Necr      6%         N/A       100%        8
 Summon Horrible Things   Summ           2%         N/A       100%        8
 Death's Door             Necr           11%        N/A       100%        9
 Polar Vortex             Ice            2%         N/A       100%        9
 Animate Dead             Necr           Unusable   N/A       N/A         4
 Corpse Rot               Necr/Pois/Air  Unusable   N/A       N/A         4
 Simulacrum               Ice/Necr       Unusable   N/A       N/A         6

Dungeon Overview and Level Annotations

Branches:
Dungeon (15/15)            Temple (1/1) D:6            Lair (5/5) D:8
  Swamp (4/4) Lair:3       Spider (4/4) Lair:2        Slime (0/5) Lair:4
    Orc (2/2) D:9             Elf (3/3) Orc:2        Vaults (4/5) D:13
  Crypt (0/3) Vaults:2     Depths (4/4) D:15            Zot (5/5) Depths:4
 Bailey (visited)           IceCv (visited)         Volcano (visited)
Gauntlet (visited)

Altars:
Ashenzari
Cheibriados
Dithmenos
Elyvilon
Fedhas
Gozag
Hepliaklqana
Kikubaaqudgha
Makhleb
Nemelex Xobeh
Okawaru
Qazlal
Ru
Sif Muna
Trog
Uskayaw
Vehumet
Wu Jian
Xom
Yredelemnul
Zin
The Shining One
Jiyva
Lugonu

Shops:
D:6 ?[?(   D:7 *   D:10 *   Orc:2 !(!:   Elf:1 ?   Elf:3 *   Vaults:4 =
Depths:1 (

Portals:
Hell: Depths:1 Depths:2 Depths:3 Depths:4
Abyss: Depths:3 Depths:4
Pandemonium: Depths:2
Ziggurat: Depths:1
Trove: D:10 (give 14 potions of heal wounds)

Annotations:
D:5 Dowan, Duvessa
D:9 Erolcha
Lair:4 exclusion: 2 downstairs
Swamp:3 1 runed translucent door, exclusion: door, PorkyPig's ghost, adept GrCj
Vaults:4 8 runed translucent doors, exclusion: 8 doors, concernfroge's ghost, adept OgFi
Depths:1 3 runed translucent doors, exclusion: 3 doors, LustLizard's ghost, veteran SpHu
Zot:1 3 runed translucent doors, exclusion: 3 doors, Toelubet's ghost, veteran CeHu
Zot:5 exclusion: orange crystal statue


Innate Abilities, Weirdness & Mutations

You are too large for most types of armour.
You have tough skin. (AC +1)
You have a pair of small horns on your head.
Your body sometimes deteriorates upon taking damage.
Your magical capacity is very low. (-20% MP)


Message History

This square is covered in magical glow.
The rock shatters into small pieces.
A blizzard demon comes into view.
You bludgeon the blizzard demon!!
The blizzard demon is heavily wounded.
You puncture the blizzard demon!
Your headbutt misses the blizzard demon.
The blizzard demon is almost dead.
The blizzard demon gestures at you. The bolt of cold hits you! You resist.
You closely miss the blizzard demon.
You headbutt the blizzard demon, but do no damage.
The blizzard demon is almost dead.
You block the blizzard demon's attack.
The blizzard demon hits you but does no damage.
You barely miss the blizzard demon. You headbutt the blizzard demon.
You kill the blizzard demon!
You now have 847 gold pieces (gained 17).
There is a stone staircase leading up here.
You climb upwards.
There is a stone staircase leading down here.
You open the door.
There is an open door here.
HP restored.
There is an escape hatch in the ceiling here.
A mysterious force pulls you upwards. The hatch slams shut behind you.
(D) Dungeon (T) Temple (L) Lair (S) Swamp (N) Spider Nest (M) Slime Pits (O) Orcish Mines (E) Elven Halls (V) Vaults (C) Crypt (U) Depths (H) Hell (Z) Zot
Where to? (Enter - D:2 @ (x,y), ? - help)
What level of the Dungeon? (default 1, ? - help)
There is an open door here.
There is an open door here.
There is a stone staircase leading down here.
You see here a +0 dagger.
Things that are here:
a +1 dagger of venom; a +0 club; a +0 whip
There is a staircase leading out of the dungeon here.
You have escaped!

############
#≈≈≈≈≈≈≈≈≈≈≈≈≈≈≈≈
#~≈~≈~≈~≈≈≈≈≈≈≈≈≈
#~~~~~.~~~~≈≈≈≈≈≈
#.~~.~~..~~≈≈≈≈≈≈
#.....~~~~~≈≈≈≈≈≈
##.....8~~.~~≈≈≈≈#
#......[~~..≈~≈≈#
##....).8@~.~~~≈≈#
#..........~~~~~≈#
#............~~≈≈#
##.8..........~~~≈#
#.............~.~≈#
###.............~~~≈#
####...............~~~≈#
#.................8.~~≈#
#..............###.~~~≈#


There were no monsters in sight!

Vanquished Creatures
  An ancient lich (D:7)
  Mara (Depths:1)
  3 juggernauts
  Josephina (Depths:3)
  Sojobo (Vaults:3)
  Frederick (Vaults:3)
  Saint Roka (Vaults:1)
  12 caustic shrikes
  6 golden dragons
  A bone dragon (Zot:4)
  A doom hound (Zot:4)
  A Tzitzimitl (Zot:4)
  Rupert (D:14)
  A walking crystal tome (Depths:3)
  2 Ice Fiends (IceCv)
  Asterion (Spider:3)
  7 Orb Guardians
  Grunn (Zot:4)
  8 tentacled monstrosities
  2 liches (Depths:3)
  5 quicksilver dragons
  2 shadow dragons (Zot:3)
  A tentacled starspawn (Abyss:3)
  3 thorn hunters (Swamp:4)
  3 death cobs (Zot:4)
  5 sphinxes
  3 tengu reavers
  6 draconian monks
  5 storm dragons
  3 draconian knights
  10 vault wardens
  2 deep elf sorcerers
  5 fire giants
  2 iron dragons (Depths:2)
  An orc warlord (D:13)
  10 frost giants
  Louise (Depths:3)
  9 ghost moths
  2 emperor scorpions
  Aizul (Depths:2)
  A deep elf elementalist (Elf:3)
  3 draconian annihilators
  2 draconian stormcallers
  A hydra skeleton (Swamp:4)
  13 ironbound preservers
  3 war gargoyles
  A reaper (Zot:4)
  23 very ugly things
  11 stone giants
  4 spriggan defenders
  8 ironbound thunderhulks
  A broodmother (Spider:4)
  9 wizards
  3 eleionomae
  Nessos (D:14)
  4 black draconians
  6 vampire knights
  5 green draconians
  7 dire elephants
  2 entropy weavers
  8 white draconians
  A deep elf demonologist (Elf:1)
  6 yellow draconians
  Azrael (Spider:3)
  A putrid mouth (Zot:4)
  A minotaur (Gauntlet)
  4 bunyips
  2 red draconians
  12 spark wasps
  3 purple draconians
  Snorg (Lair:5)
  6 ettins
  2 blizzard demons
  3 shambling mangroves
  2 jiangshi (D:15)
  2 deep elf death magi
  A crystal guardian (Vaults:4)
  10 fire dragons
  14 vault guards
  4 rakshasas
  5 yaktaur captains
  A spriggan zombie (Depths:1)
  2 ghost crabs
  3 caustic shrike simulacra
  3 peacekeepers
  8 great orbs of eyes
  13 hydras
  7 boulder beetles
  2 jorogumos
  A merfolk avatar (Abyss:3)
  9 ice dragons
  6 spriggan air magi
  A radroach (Spider:4)
  A catoblepas (D:14)
  8 ironbound frosthearts
  24 dancing weapons
  A titan zombie (Depths:1)
  3 centaur warriors
  6 alligators
  9 deep troll shamans
  2 vampire magi
  7 hell knights
  2 thrashing horrors (Gauntlet)
  9 deep troll earth magi
  4 spriggan berserkers
  7 tengu warriors
  10 deep elf knights
  Sonja (D:11)
  A salamander mystic (Depths:3)
  5 iron trolls
  2 goliath frogs
  3 pharaoh ants
  7 steelbarb worms
  2 sun moths
  38 deep trolls
  6 glowing orange brains
  13 orb spiders
  9 spriggan druids
  6 swamp dragons
  5 bog bodies
  4 spectral hydras (Swamp:4)
  7 necromancers
  3 flayed ghosts
  2 obsidian statues (IceCv)
  2 lindwurms
  16 deep elf zephyrmancers
  7 deep elf archers
  A phantasmal warrior (Swamp:4)
  9 ironbound convokers
  A harpy (Vaults:1)
  A shining eye (Abyss:2)
  16 deep elf pyromancers
  16 wolf spiders
  A human zombie (Vaults:1)
  53 ugly things
  A sphinx skeleton (Depths:1)
  3 oklob plants (Swamp:4)
  7 orc knights
  A tengu skeleton (Vaults:4)
  3 manticores
  3 orc sorcerers (Elf:1)
  4 cyclopes
  15 moths of wrath
  3 will-o-the-wisps
  3 salamanders (Depths:3)
  A moth of wrath (shapeshifter) (Elf:1)
  18 elephants
  A salamander (shapeshifter) (D:15)
  4 frost giant skeletons
  14 vault sentinels
  3 black mambas
  2 fire giant skeletons (Depths:1)
  4 torpor snails
  2 storm dragon simulacra (Depths:4)
  2 gargoyles (D:12)
  A kobold demonologist (D:13)
  An unseen horror (D:11)
  2 minotaur zombies (Gauntlet)
  2 rime drakes
  12 freezing wraiths
  12 cane toads
  12 demonic crawlers
  3 tengu conjurers
  An efreet (D:14)
  21 yaktaurs
  14 komodo dragons
  An ancient zyme (Abyss:2)
  A yaktaur zombie (Vaults:4)
  3 golden dragon simulacra (IceCv)
  2 yaktaur skeletons (Vaults:1)
  28 hornets
  2 death drake zombies (Swamp:4)
  7 meliai
  20 tarantellas
  2 bloated husks (Swamp:3)
  A tengu simulacrum (Depths:4)
  4 trolls
  A raiju (shapeshifter) (Depths:3)
  8 tyrant leeches
  34 slime creatures
  7 polar bears
  An ettin zombie (Depths:1)
  8 dream sheep (Lair:5)
  18 blink frogs
  2 death drake skeletons (Swamp:4)
  21 jumping spiders
  2 centaur simulacra
  20 culicivoras
  2 starcursed masses (Abyss:3)
  A shadow (D:11)
  33 spriggans
  2 water elementals
  2 air elementals (Elf:1)
  2 wyverns
  An elf simulacrum (Vaults:4)
  27 yaks
  A ynoxinul (Depths:2)
  A dire elephant simulacrum (IceCv)
  3 wraiths
  A chaos spawn (Abyss:3)
  3 fire bats (Depths:3)
  4 fire elementals
  A golden eye (D:10)
  A steam dragon (D:6)
  A redback (shapeshifter) (Depths:3)
  41 redbacks
  5 basilisks
  22 vampire mosquitoes
  2 minotaur simulacra (IceCv)
  5 small abominations
  18 swamp worms
  An acid dragon (D:11)
  9 hell hounds
  6 hydra simulacra
  25 water moccasins
  2 swamp dragon zombies (Swamp:4)
  A sky beast (D:7)
  6 swamp drakes
  34 orc warriors
  15 black bears
  3 ogres
  An ettin simulacrum (IceCv)
  20 wolves
  2 boggarts (Lair:5)
  13 centaurs
  A swamp dragon skeleton (Swamp:4)
  A necrophage (D:5)
  A kobold brigand (D:7)
  19 bullfrogs
  A gnoll sergeant (D:7)
  4 earth elementals
  3 human skeletons (Vaults:4)
  2 scorpions
  5 electric eels
  3 howler monkeys
  2 human simulacra (Vaults:4)
  6 hounds
  9 orc priests
  A gnoll bouda (D:7)
  A jelly (D:6)
  Ijyb (D:3)
  3 iguanas
  10 orc wizards
  19 gnolls
  12 adders
  A shadow imp (D:8)
  3 white imps
  4 ufetubi
  3 worms
  2 dart slugs
  61 orcs
  6 ball pythons
  7 bats
  7 endoplasms
  5 giant cockroaches
  8 goblins
  14 hobgoblins
  2 jackals (D:1)
  A quokka (D:1)
  A frilled lizard (D:3)
  10 kobolds
  10 rats
  A lurking horror (Abyss:3)
  A plant (Swamp:4)
  A starspawn tentacle (Abyss:3)
1652 creatures vanquished.

Vanquished Creatures (collateral kills)
  A dread lich (Zot:5)
  2 orbs of fire
  2 Killer Klowns (Zot:5)
  Xtahua (Vaults:4)
  A caustic shrike (Depths:3)
  3 golden dragons
  A bone dragon (Zot:4)
  A doom hound (Zot:4)
  An electric golem (Zot:5)
  Jorgrun (Orc:1)
  3 tentacled monstrosities
  3 Orb Guardians (Zot:5)
  4 quicksilver dragons
  2 shadow dragons
  2 death cobs
  4 storm dragons
  2 draconian knights (Zot:1)
  6 deep elf sorcerers (Elf:3)
  3 draconian scorchers (Zot:2)
  A draconian stormcaller (Zot:1)
  A draconian annihilator (Zot:1)
  4 green draconians
  A purple draconian (Zot:1)
  A black draconian (Zot:1)
  2 dire elephants (Vaults:1)
  2 deep elf demonologists (Elf:3)
  A red draconian (Zot:3)
  2 deep elf annihilators (Elf:3)
  A yellow draconian (Zot:4)
  3 white draconians
  An eidolon (Abyss:3)
  2 deep elf death magi (Elf:3)
  6 deep elf high priests (Elf:3)
  A yaktaur captain (Vaults:4)
  A spriggan air mage (Depths:1)
  6 dancing weapons
  A radroach (Spider:4)
  4 centaur warriors (Vaults:1)
  A deep troll shaman (Depths:1)
  A wretched star (Abyss:3)
  An iron troll (Depths:3)
  2 hell knights (Depths:1)
  A deep elf knight (Elf:2)
  A glowing orange brain (Depths:1)
  A deep troll (Depths:1)
  A deep elf archer (Elf:3)
  4 deep elf zephyrmancers
  A necromancer (Depths:1)
  3 deep elf pyromancers
  An ugly thing (Vaults:1)
  5 moths of wrath
  A vault sentinel (Vaults:1)
  A blink frog (Abyss:3)
  A starcursed mass (Abyss:3)
  A culicivora (Spider:3)
  A fire elemental (Elf:3)
  A neqoxec (Abyss:3)
  A vampire mosquito (Swamp:4)
  An orc warrior (Orc:1)
  A swamp drake (Swamp:4)
  A human zombie (Vaults:1)
  A quasit (Abyss:3)
  A starspawn tentacle (Abyss:3)
119 creatures vanquished.

Vanquished Creatures (others)
  3 Killer Klowns (Zot:5)
  An electric golem (Zot:5)
  A doom hound (Zot:4)
  13 Orb Guardians (Zot:5)
  2 tentacled monstrosities
  A deep elf master archer (Elf:3)
  2 deep elf sorcerers (Elf:3)
  A draconian monk (Zot:1)
  A draconian knight (Zot:5)
  A draconian scorcher (Zot:2)
  3 draconian stormcallers
  2 deep elf elementalists (Elf:3)
  4 draconian shifters
  4 draconian annihilators
  3 green draconians
  A dire elephant (Zot:5)
  3 yellow draconians
  2 white draconians
  6 black draconians
  5 red draconians
  5 purple draconians
  A deep elf annihilator (Elf:3)
  4 deep elf high priests (Elf:3)
  A rakshasa (D:15)
  2 dancing weapons
  4 deep elf knights (Elf:2)
  A spriggan (Swamp:1)
  2 large abominations (Abyss:3)
  4 deep elf zephyrmancers
  6 deep elf pyromancers (Elf:3)
  11 moths of wrath
  A hellion (Zot:5)
  2 bloated husks
  2 hornets (Swamp:1)
  A water elemental (Depths:4)
  A dire elephant simulacrum (Abyss:3)
  3 golden eyes (Abyss:3)
  2 swamp worms
  2 small abominations (Abyss:3)
  A gnoll (Orc:1)
  A briar patch (Swamp:4)
  25 demonic plants (Gauntlet)
  10 foxfires
  76 fungi
  5 lurking horrors (Abyss:3)
  159 plants
391 creatures vanquished.

Grand Total: 2162 creatures vanquished

Notes
Turn   | Place    | Note
-------+----------+-------------------------------------------
     0 | D:1      | concernfroge the Ogre Fighter began the quest for the Orb.
     0 | D:1      | Reached XP level 1. HP: 24/24 MP: 1/1
   192 | D:1      | Reached XP level 2. HP: 17/33 MP: 2/2
   439 | D:1      | Found a faded altar of an unknown god.
   708 | D:1      | Reached XP level 3. HP: 34/41 MP: 3/3
  1094 | D:2      | Reached skill level 5 in Fighting
  1806 | D:2      | Reached XP level 4. HP: 50/50 MP: 4/4
  2565 | D:3      | Found a sparkling altar of Nemelex Xobeh.
  2566 | D:3      | Found an opulent altar of Gozag.
  2619 | D:3      | Became a worshipper of Gozag Ym Sagoz the Greedy
  2690 | D:3      | Found a bloodstained altar of Trog.
  3228 | D:3      | Found an ancient bone altar of Kikubaaqudgha.
  3249 | D:4      | Reached XP level 5. HP: 49/59 MP: 5/5
  3322 | D:4      | Reached skill level 6 in Fighting
  3624 | D:4      | Noticed Ijyb
  3636 | D:4      | Paralysed by Ijyb for 3 turns
  3655 | D:4      | Paralysed by Ijyb for 3 turns
  3895 | D:3      | Paralysed by Ijyb for 5 turns
  3903 | D:3      | Paralysed by Ijyb for 4 turns
  3911 | D:3      | Killed Ijyb
  4091 | D:4      | Found a radiant altar of Vehumet.
  4148 | D:4      | Reached skill level 5 in Shields
  4148 | D:4      | Reached XP level 6. HP: 44/68 MP: 6/6
  4327 | D:4      | Reached skill level 7 in Fighting
  4555 | D:5      | Entered Level 5 of the Dungeon
  5139 | D:5      | Reached XP level 7. HP: 61/79 MP: 7/7
  5483 | D:5      | Reached skill level 8 in Fighting
  5835 | D:5      | Noticed Dowan
  6034 | D:5      | Noticed Duvessa
  6085 | D:6      | Found Fayff's Antique Weapon Boutique.
  6313 | D:6      | Found Ihexzuz's Magic Scroll Boutique.
  6323 | D:6      | Bought a scroll of identify for 26 gold pieces
  6323 | D:6      | Bought a scroll of identify for 26 gold pieces
  6323 | D:6      | Bought a scroll of identify for 26 gold pieces
  6323 | D:6      | Bought a scroll of identify for 26 gold pieces
  6323 | D:6      | Bought a scroll of magic mapping for 97 gold pieces
  6335 | D:6      | Found a staircase to the Ecumenical Temple.
  6350 | Temple   | Entered the Ecumenical Temple
  6879 | D:6      | Found Vaulluod's Antique Armour Shoppe.
  6885 | D:6      | Bought an embroidered robe for 77 gold pieces
  6968 | D:5      | Reached skill level 9 in Fighting
  6968 | D:5      | Reached XP level 8. HP: 92/92 MP: 8/8
  7053 | D:7      | Learned a level 3 spell: Stone Arrow
  7470 | D:7      | Found an ornate altar of the Wu Jian Council.
  7471 | D:7      | Found a shimmering blue altar of Sif Muna.
  7471 | D:7      | Found a hide-covered altar of Uskayaw.
  7488 | D:7      | Found Ratiot's General Store.
  7496 | D:7      | Bought a potion of magic for 96 gold pieces
  7496 | D:7      | Bought 2 potions of curing for 72 gold pieces
  7529 | D:7      | Reached skill level 10 in Fighting
  8683 | D:8      | Reached skill level 11 in Fighting
  8683 | D:8      | Reached XP level 9. HP: 105/105 MP: 9/9
  8698 | D:8      | Found a staircase to the Lair.
  8818 | D:8      | Reached skill level 12 in Fighting
  9344 | D:8      | Paralysed by an orc wizard for 2 turns
  9380 | D:8      | Reached skill level 10 in Shields
  9782 | D:7      | Reached XP level 10. HP: 81/115 MP: 10/10
 11073 | Lair:1   | Entered Level 1 of the Lair of Beasts
 11115 | D:9      | Noticed Erolcha
 11120 | D:9      | Found a flagged portal.
 11129 | Bailey   | Entered a bailey
 11396 | Bailey   | Noticed an orc knight
 11408 | Bailey   | Killed an orc knight
 11977 | D:9      | Found a staircase to the Orcish Mines.
 12694 | D:9      | Reached skill level 5 in Axes
 12882 | D:9      | Noticed a two-headed ogre
 12883 | D:9      | a two-headed ogre changed into a golden eye
 12989 | D:10     | Entered Level 10 of the Dungeon
 13135 | Abyss:2  | Cast into level 2 of the Abyss (Erolcha)
 13207 | Abyss:2  | Noticed a shining eye
 13217 | Abyss:2  | Gained mutation: Your magical capacity is low. (-10% MP) [a
                  | shining eye]
 13223 | Abyss:2  | Killed a shining eye
 13231 | Abyss:2  | Noticed a bone dragon
 13235 | Abyss:2  | Noticed a bone dragon
 13246 | Abyss:2  | Noticed a hellion
 13376 | Abyss:3  | Noticed a death drake
 14160 | Abyss:3  | Killed a large abomination
 14287 | Abyss:3  | Noticed a wretched star
 14289 | Abyss:3  | Noticed a starcursed mass
 14290 | Abyss:3  | Found a corrupted altar of Lugonu.
 14290 | Abyss:3  | Noticed a merfolk avatar
 14290 | Abyss:3  | Noticed a mad acolyte of Lugonu
 14291 | Abyss:3  | Noticed a tentacled starspawn
 14292 | Abyss:3  | Noticed a starcursed mass
 14293 | Abyss:3  | Noticed a tentacled monstrosity
 14296 | Abyss:3  | Noticed an eidolon
 14297 | Abyss:3  | Killed a starcursed mass
 14297 | Abyss:3  | Killed a starcursed mass
 14297 | Abyss:3  | Killed a starcursed mass
 14297 | Abyss:3  | Killed a merfolk avatar
 14298 | Abyss:3  | Reached XP level 11. HP: 111/123 MP: 8/9
 14298 | Abyss:3  | Noticed a mad acolyte of Lugonu
 14298 | Abyss:3  | Noticed a mad acolyte of Lugonu
 14298 | Abyss:3  | Killed a tentacled monstrosity
 14298 | Abyss:3  | Killed a mad acolyte of Lugonu
 14299 | Abyss:3  | Reached skill level 10 in Axes
 14300 | Abyss:3  | Killed a tentacled starspawn
 14305 | Abyss:3  | Got an abyssal rune of Zot
 14307 | Abyss:3  | Noticed a large abomination
 14309 | Abyss:3  | Killed a wretched star
 14310 | Abyss:3  | Killed an eidolon
 14311 | D:9      | Escaped the Abyss
 14703 | Lair:1   | Noticed a seven-headed hydra
 15130 | D:6      | Bought a scroll of teleportation for 39 gold pieces
 15130 | D:6      | Bought a scroll of teleportation for 39 gold pieces
 15130 | D:6      | Bought a scroll of teleportation for 39 gold pieces
 15242 | D:6      | Found Zoest's Magic Scroll Shoppe.
 15442 | D:6      | Got the Excursus on Iniquitous Mysteries and the Wayfarer
 15492 | D:6      | Bought a scroll of blinking for 97 gold pieces
 15800 | Lair:1   | Reached XP level 12. HP: 121/132 MP: 7/10
 16397 | Lair:2   | Noticed a boulder beetle
 17385 | Lair:2   | Killed a boulder beetle
 17400 | Lair:2   | Reached skill level 15 in Axes
 18389 | Lair:2   | Found a hole to the Spider Nest.
 18744 | Lair:3   | Reached XP level 13. HP: 140/140 MP: 11/11
 18779 | Lair:3   | Found a staircase to the Swamp.
 18876 | Lair:3   | Reached skill level 1 in Armour
 18889 | Lair:3   | Found a dark tunnel.
 18897 | Volcano  | Entered a volcano
 19285 | Lair:3   | Reached skill level 5 in Armour
 19387 | Lair:3   | Reached skill level 1 in Evocations
 21496 | Lair:4   | Reached skill level 5 in Evocations
 21503 | Lair:4   | Reached skill level 1 in Throwing
 21885 | Lair:4   | Reached skill level 5 in Throwing
 22194 | Lair:4   | Found a viscous altar of Jiyva.
 22195 | Lair:4   | Found a staircase to the Slime Pits.
 22324 | Lair:4   | Reached XP level 14. HP: 147/149 MP: 12/12
 22717 | Lair:5   | Entered Level 5 of the Lair of Beasts
 22763 | Lair:5   | Noticed Urug
 24283 | Lair:5   | Noticed Urug
 24283 | Lair:5   | Urug changed into Urug the dream sheep
 24290 | Lair:5   | Killed Urug the dream sheep
 24426 | Lair:5   | Noticed Snorg
 24434 | Lair:5   | Killed Snorg
 25231 | Lair:5   | Identified the +6 morningstar of Anguish {vorpal, rElec rC+
                  | Str+3 Dex+3}
 25769 | D:6      | Found a white marble altar of Elyvilon.
 26082 | Orc:1    | Entered Level 1 of the Orcish Mines
 26682 | D:10     | Found a stormy altar of Qazlal.
 26822 | D:10     | Found a portal to a secret trove of treasure.
 27037 | D:10     | Found a snail-covered altar of Cheibriados.
 27305 | D:10     | Found Nefetang's Changing Room.
 27325 | D:10     | Bought a potion of lignification for 36 gold pieces
 27325 | D:10     | Bought a potion of lignification for 36 gold pieces
 27325 | D:10     | Bought a wand of polymorph (1) for 16 gold pieces
 27744 | D:10     | Reached skill level 1 in Maces & Flails
 27860 | D:11     | Reached skill level 10 in Throwing
 28744 | D:11     | Noticed Sonja
 28751 | D:11     | Killed Sonja
 28873 | D:12     | Found a gate leading to a gauntlet.
 28882 | Gauntlet | Entered a Gauntlet
 28882 | Gauntlet | Found a transporter.
 28890 | Gauntlet | Found a transporter.
 28892 | Gauntlet | Found a transporter.
 28899 | Gauntlet | Found a transporter.
 28914 | Gauntlet | Found a transporter.
 28919 | Gauntlet | Found a transporter.
 28934 | Gauntlet | Found a transporter.
 28953 | Gauntlet | Found a transporter.
 28965 | Gauntlet | Found a transporter.
 28977 | Gauntlet | Found a transporter.
 28989 | Gauntlet | Found a transporter.
 29001 | Gauntlet | Found a transporter.
 29018 | Gauntlet | Found a transporter.
 29038 | Gauntlet | Found a transporter.
 29058 | Gauntlet | Found a transporter.
 29153 | Gauntlet | Found a transporter.
 29155 | Gauntlet | Found a transporter.
 29182 | Gauntlet | Found a transporter.
 29236 | Gauntlet | Identified the +5 spear of Ruruz {flame, Dex+4}
 29270 | Gauntlet | Reached XP level 15. HP: 132/156 MP: 13/13
 29395 | Gauntlet | Reached skill level 5 in Maces & Flails
 29414 | Gauntlet | Identified the +2 short sword "Jienak Nasesh" {drain, rF+
                  | rN+ Int+3}
 29493 | Gauntlet | Identified the +0 hand axe "Hiaskog" {vorpal, rC+ Str+2
                  | Dex+4}
 29494 | Gauntlet | Got the Commentary on Cold and Clouds
 29922 | D:12     | Identified the +7 dagger of the Other Side {vorpal, Dex+3}
 29996 | D:12     | Found a snail-covered altar of Cheibriados.
 30421 | Orc:1    | Noticed Jorgrun
 30465 | Orc:1    | Killed Jorgrun
 30715 | Orc:2    | Entered Level 2 of the Orcish Mines
 30720 | Orc:2    | Found a staircase to the Elven Halls.
 31223 | Orc:2    | Found Apsiriv's Weapon Emporium.
 31223 | Orc:2    | Found Join's Distillery.
 31225 | Orc:2    | Found Useypser's Book Boutique.
 31233 | Orc:2    | Found Facri's Distillery.
 31405 | Orc:2    | Bought a potion of heal wounds for 55 gold pieces
 31405 | Orc:2    | Bought a potion of curing for 33 gold pieces
 31405 | Orc:2    | Bought a potion of curing for 33 gold pieces
 31405 | Orc:2    | Bought a potion of berserk rage for 55 gold pieces
 31421 | Orc:2    | Bought a potion of curing for 48 gold pieces
 31421 | Orc:2    | Bought a potion of heal wounds for 80 gold pieces
 31421 | Orc:2    | Bought a potion of might for 64 gold pieces
 31421 | Orc:2    | Bought a potion of curing for 48 gold pieces
 31845 | Orc:2    | Bought a +0 broad axe for 44 gold pieces
 32360 | D:13     | Found a gate to the Vaults.
 33018 | D:13     | Found a shadowy altar of Dithmenos.
 33417 | D:14     | Noticed Rupert
 33431 | D:14     | Killed Rupert
 33585 | D:14     | Noticed Nessos
 33595 | D:14     | Killed Nessos
 33596 | D:14     | Reached skill level 10 in Maces & Flails
 34866 | D:15     | Entered Level 15 of the Dungeon
 35182 | D:15     | Reached XP level 16. HP: 154/165 MP: 14/14
 35972 | D:15     | Found a staircase to the Depths.
 36751 | Swamp:1  | Entered Level 1 of the Swamp
 37088 | Swamp:1  | Found a frozen archway.
 37359 | IceCv    | Entered an ice cave
 38614 | IceCv    | Reached skill level 13 in Fighting
 38728 | IceCv    | Noticed an Ice Fiend
 38728 | IceCv    | Noticed an Ice Fiend
 38763 | IceCv    | Killed an Ice Fiend
 38773 | IceCv    | Killed an Ice Fiend
 39633 | Swamp:1  | Reached skill level 14 in Fighting
 41306 | Swamp:3  | Found a runed translucent door.
 41717 | Swamp:3  | Reached XP level 17. HP: 179/182 MP: 15/15
 42187 | Swamp:3  | Identified the +10 trident "Sivveoc" {vorpal, rElec Str+2}
 42288 | Swamp:3  | Reached skill level 15 in Fighting
 42427 | Swamp:3  | Noticed PorkyPig's ghost (adept GrCj)
 42614 | Spider:1 | Entered Level 1 of the Spider Nest
 42839 | Spider:1 | Identified the +6 glaive "Buihak" {vorpal, SInv}
 44076 | Spider:1 | You fall into a shaft and drop 1 floor!
 45779 | Spider:1 | Reached skill level 16 in Fighting
 47086 | Spider:3 | Reached skill level 17 in Fighting
 47258 | Spider:3 | Noticed Asterion
 47271 | Spider:3 | Killed Asterion
 47580 | Spider:3 | Noticed Azrael
 47600 | Spider:3 | Killed Azrael
 49101 | Spider:4 | Entered Level 4 of the Spider Nest
 50294 | Spider:4 | Reached XP level 18. HP: 172/197 MP: 16/16
 51426 | Spider:4 | Reached skill level 18 in Fighting
 51805 | Spider:4 | Got a gossamer rune of Zot
 52177 | Swamp:4  | Entered Level 4 of the Swamp
 52181 | Swamp:4  | Found a blossoming altar of Fedhas.
 52185 | Swamp:4  | Reached skill level 19 in Fighting
 52223 | Swamp:4  | Reached skill level 10 in Armour
 52363 | Swamp:4  | Reached skill level 10 in Evocations
 52791 | Swamp:4  | Got a decaying rune of Zot
 52832 | Swamp:4  | Found a basalt altar of Yredelemnul.
 53861 | Elf:1    | Entered Level 1 of the Elven Halls
 54043 | Elf:1    | Reached XP level 19. HP: 106/215 MP: 17/17
 54396 | Elf:1    | Reached skill level 5 in Dodging
 54555 | Elf:1    | Paralysed by an air elemental for 1 turns
 54628 | Elf:1    | Found Hejioch's Magic Scroll Emporium.
 55566 | Elf:2    | Found a runed translucent gate.
 55566 | Elf:2    | Found a runed translucent gate.
 55566 | Elf:2    | Found a runed translucent gate.
 56039 | Elf:2    | Found a shimmering blue altar of Sif Muna.
 57367 | Elf:3    | Entered Level 3 of the Elven Halls
 57488 | Elf:3    | Found Sarche's Assorted Antiques.
 57959 | Elf:3    | Reached skill level 10 in Dodging
 58038 | Elf:3    | Identified the +12 short sword "Esiag" {vorpal, rC- rN+
                  | Stlth+}
 58038 | Elf:3    | Identified the ring "Irizeuhu" {rN+ Dex+6}
 58341 | Elf:3    | Identified the ring "Dudemyr" {+Blink rC+++ EV+4 Int-5
                  | Stlth-}
 58350 | Elf:3    | Identified the +0 chain mail of Xelun {Int+7}
 58360 | Elf:3    | Identified the +4 rapier of Fatigue {freeze, *Noise Will+
                  | Int+5}
 58378 | Elf:3    | Identified the +1 leather armour "Ripn" {rF+ Str+5}
 58990 | Orc:2    | Bought Ozocubu's Autobiography for 312 gold pieces
 58990 | Orc:2    | Bought a Trismegistus Codex for 364 gold pieces
 58996 | Orc:2    | Learned a level 5 spell: Freezing Cloud
 59002 | Orc:2    | Learned a level 5 spell: Borgnjor's Vile Clutch
 59167 | Vaults:1 | Entered Level 1 of the Vaults
 59693 | D:13     | Reached skill level 1 in Spellcasting
 59722 | D:13     | Reached XP level 20. HP: 171/226 MP: 18/20
 60609 | Vaults:1 | Reached skill level 5 in Spellcasting
 61454 | Vaults:1 | Noticed Saint Roka
 61467 | Vaults:1 | Killed Saint Roka
 61793 | Vaults:1 | You fall into a shaft and drop 1 floor!
 62703 | Vaults:1 | Reached skill level 10 in Spellcasting
 62771 | Vaults:1 | Reached skill level 1 in Necromancy
 64006 | Vaults:2 | Reached skill level 5 in Necromancy
 64210 | Vaults:2 | Found a staircase to the Crypt.
 64210 | Vaults:2 | Found a basalt altar of Yredelemnul.
 64210 | Vaults:2 | Found an ancient bone altar of Kikubaaqudgha.
 65902 | Vaults:3 | Reached XP level 21. HP: 218/234 MP: 31/31
 66093 | Vaults:3 | Noticed Frederick
 66116 | Vaults:3 | Killed Frederick
 66484 | Vaults:3 | Noticed Sojobo
 66489 | Vaults:3 | Paralysed by an air elemental for 1 turns
 66495 | Vaults:3 | Paralysed by an air elemental for 1 turns
 66499 | Vaults:3 | Paralysed by an air elemental for 1 turns
 66503 | Vaults:3 | Killed Sojobo
 67136 | Vaults:3 | Identified the +5 scale mail of Servitude {Int+5}
 67698 | Vaults:4 | Reached skill level 10 in Necromancy
 67708 | Vaults:4 | Reached skill level 1 in Earth Magic
 68421 | Vaults:4 | Noticed Xtahua
 68437 | Vaults:4 | Killed Xtahua
 68944 | Vaults:4 | Reached skill level 5 in Earth Magic
 69020 | Vaults:4 | Noticed Zenata
 69027 | Vaults:4 | Noticed Zenata
 69027 | Vaults:4 | Zenata changed into Zenata the dire elephant
 69031 | Vaults:4 | Killed Zenata the dire elephant
 69165 | Vaults:4 | Paralysed by a sphinx for 4 turns
 69927 | Vaults:4 | Found Noaf's Jewellery Boutique.
 69934 | Vaults:4 | Bought an amulet of reflection for 420 gold pieces
 70088 | Vaults:4 | Found a large runed translucent door.
 70089 | Vaults:4 | Found a large runed translucent door.
 70089 | Vaults:4 | Found a large runed translucent door.
 70089 | Vaults:4 | Noticed concernfroge's ghost (adept OgFi)
 70090 | Vaults:4 | Found a large runed translucent door.
 70090 | Vaults:4 | Found a large runed translucent door.
 70090 | Vaults:4 | Found a large runed translucent door.
 70092 | Vaults:4 | Found a large runed translucent door.
 70092 | Vaults:4 | Found a large runed translucent door.
 70618 | Depths:1 | Entered Level 1 of the Depths
 71666 | Depths:1 | Noticed Mara
 71676 | Depths:1 | Noticed concernfroge's illusion
 71683 | Depths:1 | Noticed concernfroge's illusion
 71684 | Depths:1 | Killed Mara
 72088 | Depths:1 | Reached XP level 22. HP: 197/240 MP: 32/32
 72388 | Depths:1 | Found a gateway to Hell.
 72465 | Depths:1 | You fall into a shaft and drop 1 floor!
 73515 | Depths:2 | Found a one-way gate leading to the halls of Pandemonium.
 73584 | Depths:1 | Reached skill level 20 in Fighting
 74159 | Depths:1 | Found an ancient bone altar of Kikubaaqudgha.
 74246 | Depths:1 | Found Junoerchu's Antique Weapon Shoppe.
 74310 | Depths:1 | Noticed a golden dragon
 74311 | Depths:1 | Found a runed translucent gate.
 74312 | Depths:1 | Found a runed translucent gate.
 74316 | Depths:1 | Found a runed translucent gate.
 74316 | Depths:1 | Noticed LustLizard's ghost (veteran SpHu)
 74554 | Depths:1 | Found a one-way gateway to a ziggurat.
 74628 | Depths:2 | Reached skill level 21 in Fighting
 74889 | Depths:2 | Noticed a caustic shrike
 74889 | Depths:2 | Noticed a caustic shrike
 74947 | Depths:2 | Noticed a caustic shrike
 74955 | Depths:2 | Noticed Aizul
 74967 | Depths:2 | Killed a caustic shrike
 74979 | Depths:2 | Killed Aizul
 74985 | Depths:2 | Killed a caustic shrike
 74992 | Depths:2 | Noticed a golden dragon
 74996 | Depths:2 | Noticed a caustic shrike
 74996 | Depths:2 | Noticed a juggernaut
 74997 | Depths:2 | Noticed a caustic shrike
 74997 | Depths:2 | Noticed a caustic shrike
 75436 | Depths:1 | Killed a juggernaut
 75615 | Depths:2 | Killed a caustic shrike
 75622 | Depths:2 | Killed a caustic shrike
 75632 | Depths:2 | Killed a caustic shrike
 75921 | Depths:2 | Killed a caustic shrike
 76009 | Depths:2 | Noticed a golden dragon
 76016 | Depths:2 | Killed a golden dragon
 76032 | Depths:2 | Got the Directory of Amassed Contamination
 76126 | Depths:2 | Identified the +5 dagger "Xiti Rynwu" {vorpal, +Blink rPois
                  | Will- rCorr}
 76438 | Depths:2 | Killed a golden dragon
 77018 | Depths:3 | Reached XP level 23. HP: 210/260 MP: 33/33
 77028 | Depths:3 | Reached skill level 15 in Shields
 78291 | Depths:3 | Found a corrupted altar of Lugonu.
 78480 | Depths:3 | Found a one-way gate to the infinite horrors of the Abyss.
 78558 | Depths:3 | Reached skill level 22 in Fighting
 78756 | Depths:3 | Noticed a caustic shrike
 78762 | Depths:3 | Killed a caustic shrike
 78931 | Depths:3 | Noticed a caustic shrike
 78960 | Depths:3 | Killed a caustic shrike
 79043 | Depths:3 | Noticed a golden dragon
 79055 | Depths:3 | Killed a golden dragon
 79064 | Depths:3 | Noticed a juggernaut
 79078 | Depths:3 | Killed a juggernaut
 79345 | Depths:3 | Noticed a juggernaut
 79361 | Depths:3 | Killed a juggernaut
 79413 | Depths:3 | Identified the +3 leather armour of Lukhateo {rN+ rCorr
                  | SInv}
 79420 | Depths:3 | Identified the +1 pair of gloves "Uphioh" {SInv}
 80965 | Depths:4 | Entered Level 4 of the Depths
 82161 | Depths:3 | Reached skill level 15 in Throwing
 82708 | Depths:4 | Identified the ring of Xewo {Ice Drain rCorr Int+8}
 82708 | Depths:4 | Noticed Josephina
 82833 | Depths:3 | Killed Josephina
 83185 | Depths:4 | Noticed a caustic shrike
 83188 | Depths:4 | Noticed a caustic shrike
 83190 | Depths:4 | Noticed a caustic shrike
 83202 | Depths:3 | Killed a caustic shrike
 83433 | Depths:4 | Noticed a caustic shrike
 83433 | Depths:4 | Noticed a caustic shrike
 83712 | Depths:4 | Noticed Louise
 83727 | Depths:3 | Killed Louise
 83952 | Depths:3 | Killed a caustic shrike
 84229 | Depths:3 | Killed a caustic shrike
 84230 | Depths:3 | Reached skill level 23 in Fighting
 84306 | Depths:3 | Killed a caustic shrike
 84311 | Depths:3 | Killed a caustic shrike
 85485 | Depths:4 | Found a gate to the Realm of Zot.
 86009 | Depths:4 | Found a gateway to a bazaar.
 86159 | Depths:4 | Found a white marble altar of Elyvilon.
 86159 | Depths:4 | Found a glowing silver altar of Zin.
 86159 | Depths:4 | Found a glowing golden altar of the Shining One.
 86370 | Bazaar   | Entered a bazaar
 86380 | Bazaar   | Found Juckapp's General Store.
 86384 | Bazaar   | Bought a scroll of blinking for 127 gold pieces
 86384 | Bazaar   | Bought a scroll of enchant armour for 127 gold pieces
 86384 | Bazaar   | Found Deiz's General Store.
 86384 | Bazaar   | Found Duysudodd's Magic Scroll Boutique.
 86386 | Bazaar   | Found Cubirph's Antique Weapon Boutique.
 86396 | Bazaar   | Bought a scroll of summoning for 133 gold pieces
 86396 | Bazaar   | Bought a scroll of teleportation for 42 gold pieces
 86401 | Bazaar   | Bought a scroll of enchant armour for 60 gold pieces
 86402 | Bazaar   | Bought a scroll of magic mapping for 60 gold pieces
 86402 | Bazaar   | Bought a scroll of teleportation for 24 gold pieces
 86402 | Bazaar   | Bought a scroll of magic mapping for 60 gold pieces
 86402 | Bazaar   | Bought a scroll of teleportation for 24 gold pieces
 86407 | Bazaar   | Bought a wand of paralysis (3) for 122 gold pieces
 86482 | Zot:1    | Entered Level 1 of the Realm of Zot
 86490 | Zot:1    | Reached XP level 24. HP: 278/278 MP: 33/33
 86692 | Zot:1    | Noticed an orb of fire
 87275 | Zot:1    | Found a runed translucent gate.
 87275 | Zot:1    | Found a runed translucent gate.
 87276 | Zot:1    | Found a runed translucent gate.
 87277 | Zot:1    | Noticed Toelubet's ghost (veteran CeHu)
 87397 | Zot:1    | Gained mutation: You are occasionally teleported next to
                  | monsters. [an orb of fire]
 87402 | Zot:1    | Gained mutation: Your magical capacity is very low. (-20%
                  | MP) [an orb of fire]
 87403 | Zot:1    | Gained mutation: Potions are less effective at restoring
                  | your health. [an orb of fire]
 87406 | Zot:1    | Killed an orb of fire
 87954 | Zot:2    | Reached skill level 24 in Fighting
 88256 | Depths:2 | Lost mutation: You are occasionally teleported next to
                  | monsters. [potion of mutation]
 88256 | Depths:2 | Lost mutation: Potions are less effective at restoring your
                  | health. [potion of mutation]
 88256 | Depths:2 | Gained mutation: You have a pair of small horns on your
                  | head. [potion of mutation]
 90582 | Zot:3    | You fall into a shaft and drop 1 floor!
 90588 | Zot:4    | Noticed Grunn
 91169 | Zot:4    | Killed Grunn
 92227 | Zot:4    | HP: 9/245 [something (5)]
 93943 | Zot:5    | Entered Level 5 of the Realm of Zot
 94688 | Zot:4    | Reached XP level 25. HP: 204/245 MP: 29/29
 95625 | Zot:5    | Noticed a dread lich
 95625 | Zot:5    | Noticed a dread lich
 95625 | Zot:5    | Noticed a Killer Klown
 95630 | Zot:5    | Noticed an orb of fire
 95631 | Zot:5    | Noticed a Killer Klown
 95651 | Zot:5    | Killed a Killer Klown
 95673 | Zot:5    | Noticed a Killer Klown
 95673 | Zot:5    | Noticed an orb of fire
 95673 | Zot:5    | Noticed a Killer Klown
 95673 | Zot:5    | Noticed a Killer Klown
 95673 | Zot:5    | Noticed a Killer Klown
 95673 | Zot:5    | Noticed a dread lich
 95708 | Zot:5    | Killed an orb of fire
 95713 | Zot:5    | Killed a Killer Klown
 95714 | Zot:5    | Reached skill level 25 in Fighting
 95717 | Zot:5    | Killed a dread lich
 95718 | Zot:5    | Killed a Killer Klown
 95718 | Zot:5    | Killed a Killer Klown
 95738 | Zot:5    | Banished a Killer Klown
 95738 | Zot:5    | Killed a Killer Klown
 96157 | Zot:5    | Got the Orb of Zot
 96326 | Depths:4 | Noticed Wohuliot the pandemonium lord
 96549 | D:9      | Gained mutation: Your body sometimes deteriorates upon
                  | taking damage. [a neqoxec]
 96565 | D:8      | Noticed Toadeg the pandemonium lord
 96565 | D:8      | Noticed an ancient lich
 96575 | D:7      | Killed an ancient lich
 96767 | D:$      | Escaped with the Orb!

Illustrated notes

Levels and vault maps discovered:
D:1:      nicolae_arrival_washed_ashore, layout_rooms,
          ebering_ecumenical_altar_petrified, corexii_corridor_pit,
          nicolae_concentric_dashed_squares_mild, minivault_11,
          minmay_crystal_water
D:2:      layout_loops_corners
D:3:      layout_basic, grunt_temple_overflow_opulence,
          nicolae_overflow_hidden_temple, trog_hazing_becter,
          grunt_decor_fettered
D:4:      layout_loops_cross, nicolae_vehumet_altar_sigil, uniq_ijyb
D:5:      layout_loops_ring, serial_bayou_lagoon_a, uniq_duvessa
D:6:      layout_rooms, nicolae_elyvilon_temple_path,
          minmay_temple_entry_offerings, serial_shops, nicolae_shop_stone,
          nicolae_inconvenience_store, nicolae_shop_hallway_stairs, shop
D:7:      layout_loops_cross, chequers_temple_overflow_statue_of_worship,
          serial_shops, nicolae_shop_advertising_works
          [nicolae_subvault_shop_adworks]
D:8:      layout_cave_pools, due_lair_maze_entry_diamond
D:9:      layout_cave_pods, david_orc_2, serial_park, serial_park_fountain,
          serial_park_tiny_2, serial_park_gazebo [serial_park_minivault_5x5_4],
          serial_park_tiny_1, enter_bailey_2, uniq_erolcha
D:10:     layout_loops_corners, amcnicky_altar_gilded,
          nicolae_qazlal_general_emergency, nicolae_trove_entry_free_sample,
          nicolae_transmutations_shop, hangedman_decor_lopped, dk_vineyard_1
D:11:     layout_irregular_city, uniq_sonja
D:12:     layout_basic, gauntlet_entry_generic, kennysheep_slug_shrine
D:13:     layout_layer_cave, erik_vaults_2,
          nicolae_dithmenos_through_a_glass_darkly
D:14:     layout_irregular_city, uniq_rupert, uniq_nessos
D:15:     grunt_enter_depths_snipers, layout_small_grid, minmay_misc_feat_five
Temple:   bh_familiar_temple
Lair:1:   beast_lair_carwin_large_3, layout_cave_pods, nzn_sisyphean_effort
Lair:2:   layout_regular_city, nicolae_spider_entry_tight_spaces,
          grunt_megastairs_2
Lair:3:   layout_loops_ring, skrybe_swamp_entry_bodies,
          lightli_volcano_entry_magma_tube, serial_bayou_shore_b,
          lemuel_fruit_tree
Lair:4:   layout_regular_city, dpeg_slime_entry_corner
Lair:5:   minmay_lair_end_enchanted_forest, layout_misc_corridors, uniq_urug,
          uniq_snorg
Swamp:1:  layout_falls_marsh, portal_ice_cave_entry_ugly_swarm,
          hangedman_swamp_ruin_wall
Swamp:2:  layout_basic_swamp, hangedman_swamp_ruin_hall, swamp_pool1,
          hangedman_swamp_diagram, hangedman_swamp_cone
Swamp:3:  layout_basic_swamp, ebering_ghost_reflecting_pool, serial_swamp_ruin,
          evilmike_swamp_ruin_house_3, evilmike_swamp_ruin_rubble_1,
          evilmike_swamp_ruin_house_1, swamp_pool4, roderic_carrion_pond
Swamp:4:  byrel_swamp_growth_death_and_undeath, layout_basic_swamp
Spider:1: layout_spider_delve
Spider:2: layout_spider_delve, nicolae_orb_island
Spider:3: layout_chambers, drop_trap, nicolae_spider_webs_and_nodes,
          uniq_azrael, uniq_asterion
Spider:4: grunt_spider_rune_parallel
Orc:1:    layout_caves, uniq_jorgrun
Orc:2:    st_orc_rangers, layout_caves, lemuel_statue_altar
Elf:1:    nicolae_elf_arrival_no_cutting_in_line, layout_geoelf_octagon,
          serial_shops, nicolae_shop_temple_entry_statues_fountains,
          minivault_28
Elf:2:    nicolae_elf_blades_splatter_lattice
          [nicolae_blade_entry_hurt_lockers], layout_geoelf_diagonals,
          basic_altar, grunt_ministairs_15, dreamdust_princess_corridor,
          drop_trap
Elf:3:    minmay_elf_hall_hex, layout_gridlike, serial_shops, shop,
          serial_aquarium, aquarium_bridge_square [aquarium_subvault_bridge,
          aquarium_subvault_wall, aquarium_subvault_wall,
          aquarium_subvault_window], aquarium_window_2, aquarium_window_corner,
          aquarium_window_fake, aquarium_view_2d, hangedman_elf_represent
Vaults:1: infiniplex_enter_wizlab_glasses, v_misc_5,
          nicolae_vaults_mini_display_case, vaults_dpeg_diagonal, st_cells,
          nicolae_vaults_what_the_h, v_misc_8, vaults_room_pool,
          vaults_room_corners, v_pattern_3, ontoclasm_vaults_bender,
          hangedman_vaults_slice, grunt_vaults_hallway_long,
          nicolae_vaults_little_squares_4, nicolae_vaults_little_squares_6,
          nicolae_vaults_asterisk, vaults_dpeg_hooks, layout_vaults_ring,
          uniq_saint_roka
Vaults:2: v_misc_24, vaults_mumra_lcd, hangedman_vaults_nails,
          nicolae_vaults_rhombus_7, minmay_crypt_entry_necro_gods, v_misc_29,
          ontoclasm_vaults_ligature, v_alt_pattern_4, vaults_room_pools,
          layout_vaults_omnigrid
Vaults:3: vaults_mumra_hexcomb, vaults_room_semicircle,
          ontoclasm_vaults_shuriken, grunt_vaults_focal,
          nicolae_vaults_ring_of_whatevers, ontoclasm_vaults_loading_screen,
          layout_vaults_chaotic_city, uniq_sojobo, uniq_frederick
Vaults:4: advil_vaults_ghost_lines, v_misc_33,
          nicolae_vaults_stairing_the_circle, v_misc_23, hangedman_vaults_nodes,
          hangedman_vaults_snaps, nicolae_vaults_triangles, v_alt_pattern_1,
          nicolae_vaults_little_squares_4, layout_vaults_omnibox, serial_shops,
          nicolae_diamond_shop, uniq_xtahua, uniq_zenata
Depths:1: layout_forbidden_donut, enter_ziggurat_e, serial_shops,
          nicolae_diamond_shop, gammafunk_ghost_split, hell_entry,
          dk_noncrumbling_4, nicolae_kikubaaqudgha_miasma_corner, uniq_mara
Depths:2: grunt_arcs, layout_cave_shapes, serial_column_ruins,
          column_ruins_hut_ruined, column_ruins_open_tiny,
          column_ruins_columns_straight, column_ruins_columns_straight,
          column_ruins_open_tiny, hangedman_coc_ice_floe, pan_entry,
          kennysheep_generic_room_6, uniq_aizul
Depths:3: minmay_nine_rooms, layout_cave_pools, hell_entry,
          minmay_splitting_lines, abyss_entry, tgw_lugonu_bribe
Depths:4: evilmike_zot_entry_basic, layout_cave_pools, serial_shops,
          freezing_bzr, hangedman_geh_valley,
          nicolae_abyss_entry_one_way_or_another, good_gods_mini_temple,
          serial_co_window_serial, co_window_cross_1,
          co_window_of_opportunity_a, co_window_paths_a,
          co_window_of_opportunity_a, co_window_of_opportunity_a,
          co_window_of_opportunity_a, co_window_paths_a, co_window_paths_a,
          co_window_corner_a, co_window_broadway_c, co_window_paths_c,
          co_window_corner_cb, co_window_paths_c, feat_on_display,
          uniq_josephina
Zot:1:    layout_onion, gammafunk_ghost_tricky_traps
Zot:2:    layout_misc_corridors
Zot:3:    layout_gridlike
Zot:4:    layout_misc_corridors, uniq_grunn
Zot:5:    layout_misc_corridors, st_stairs_5

Skill      XL: |  1  2  3  4  5  6  7  8  9 10 11 12 13 14 15 16 17 18 19 20 21 22 23 24 25 |
---------------+----------------------------------------------------------------------------+-----
Fighting       | 5 6 7 9 11 12 14 17 19 21 23 24 25 | 25.0
Shields        | 4 5 6 8 11 12 13 14 16 17 | 17.0
Axes           | 9 12 15 16 | 16.0
Armour         | 5 6 7 9 10 11 12 13 | 13.8
Evocations     | 5 6 7 9 10 | 10.0
Throwing       | 5 10 12 13 14 15 17 | 17.0
Maces & Flails | 4 11 13 | 13.2
Dodging        | 4 10 | 10.0
Spellcasting   | 2 10 | 10.0
Necromancy     | 7 10 | 10.0
Earth Magic    | 7 |  7.5

Action                   |  1- 3 |  4- 6 |  7- 9 | 10-12 | 13-15 | 16-18 | 19-21 | 22-24 | 25-27 || total
-------------------------+-------+-------+-------+-------+-------+-------+-------+-------+-------++-------
Melee: War axe           |    96 |   201 |   294 |   481 |  1005 |   112 |    35 |       |       ||  2224
       Spear             |       |       |       |   147 |       |       |       |       |       ||   147
       Trident           |       |       |       |    17 |    10 |       |       |       |       ||    27
       Battleaxe         |       |       |       |       |     9 |       |       |       |       ||     9
       Morningstar       |       |       |       |       |   234 |  1052 |  1168 |  1483 |   112 ||  4049
       Broad axe         |       |       |       |       |       |       |       |    48 |       ||    48
       Headbutt          |       |       |       |       |       |       |       |    99 |    34 ||   133
Throw: Stone             |       |     5 |    32 |    29 |     8 |   245 |    82 |     5 |       ||   406
       Dart              |       |       |       |     7 |    50 |    68 |   101 |   130 |       ||   356
       Boomerang         |       |       |       |       |   132 |   143 |   122 |    56 |    22 ||   475
       Javelin           |       |       |       |       |     5 |    23 |    25 |    20 |    12 ||    85
Invok: Potion Petition   |       |       |       |     2 |       |       |       |     2 |     1 ||     5
       Bribe Branch      |       |       |       |       |       |       |     1 |     2 |     2 ||     5
Evoke: Wand              |       |       |       |    24 |    10 |    50 |    24 |    23 |     4 ||   135
       Phantom mirror    |       |       |       |     2 |     1 |     5 |     5 |     3 |       ||    16
       Lightning rod     |       |       |       |       |     4 |     4 |     4 |       |       ||    12
       Condenser vane    |       |       |       |       |     1 |     3 |     8 |     7 |       ||    19
       Phial of floods   |       |       |       |       |       |     2 |       |     1 |       ||     3
       Box of beasts     |       |       |       |       |       |     3 |     5 |     6 |       ||    14
  Use: Potion            |     1 |     1 |     5 |     2 |     5 |    17 |     3 |    11 |    18 ||    63
       Scroll            |       |     5 |     8 |    28 |    18 |    21 |     8 |    19 |    15 ||   122
 Stab: Sleeping          |     1 |       |       |       |       |       |       |       |       ||     1
       Paralysed         |       |       |       |     6 |    11 |     8 |       |     4 |       ||    29
       Invisible         |       |       |       |     3 |       |       |       |     1 |       ||     4
       Distracted        |       |       |       |     3 |     5 |     4 |     4 |    16 |     1 ||    33
Armor: Robe              |    30 |     9 |   106 |    75 |       |       |       |       |       ||   220
       Animal skin       |       |    29 |    19 |       |       |       |       |       |       ||    48
       Skin              |       |    16 |       |       |       |    19 |       |       |       ||    35
       Gold dragon scale |       |       |       |   321 |   692 |   703 |   519 |   709 |    49 ||  2993
Dodge: Dodged            |    38 |    73 |   117 |   117 |   144 |   234 |   210 |   212 |    20 ||  1165
Block: Kite shield       |    44 |    85 |   164 |   358 |   490 |   557 |       |       |       ||  1698
       Tower shield      |       |       |       |       |       |    21 |   809 |  1369 |   113 ||  2312
       Reflection        |       |       |       |       |       |       |     4 |    14 |     3 ||    21
